 Dungeon Crawl Stone Soup version 0.29-a0-106-g0a07039d5a (webtiles) character file.

Game seed: 9066920843011740198

22066 meatgazer the Fencer (level 12, -9/116 HPs)
             Began as a Minotaur Berserker on Feb 16, 2022.
             Was a Priest of Trog.
             Mangled by a minotaur (12 damage)
             ... in a Gauntlet.
             The game lasted 00:28:37 (19898 turns).

meatgazer the Fencer (Minotaur Berserker)          Turns: 19898, Time: 00:28:37

Health: -9/116     AC: 12    Str: 23    XL:     12   Next: 59%
Magic:  0/11       EV: 11    Int:  4    God:    Trog [***...]
Gold:   441        SH:  0    Dex: 22    Spells: 11/11 levels left

rFire   . . .      SeeInvis .   s - +9 great sword of the Exiled Ultimatums {vorpal, rElec rC+ Dex+4}
rCold   + . .      Faith    .   (shield currently unavailable)
rNeg    + . .      Spirit   +   w - +3 scale mail {rPois}
rPois   +          Reflect  .   (helmet restricted)
rElec   +          Harm     .   (no cloak)
rCorr   +          Rampage  .   E - +0 pair of gloves of the Guardian {-Cast +Blink rN+ Dex+4}
Will    .....      NoTele   +   l - +1 pair of boots
Stlth   .......... NoCast   +   h - amulet of guardian spirit
HPRegen 0.29/turn               c - ring of resist corrosion
MPRegen 0.12/turn               r - ring of flight

@: on berserk cooldown, flying, slowed, very slow
A: horns 2, retaliatory headbutt
a: Renounce Religion, Evoke Blink, Berserk, Trog's Hand


You were in a Gauntlet.
You worshipped Trog.
Trog was most pleased with you.
You visited 2 branches of the dungeon, and saw 13 of its levels.
You also visited: Ossuary and Gauntlet.

You collected 740 gold pieces.
You spent 299 gold pieces at shops.

Inventory:

Hand Weapons
 s - the +9 great sword of the Exiled Ultimatums (weapon) {vorpal, rElec rC+ Dex+4}
   (You found it on level 6 of the Dungeon)

   It inflicts extra damage upon your enemies.
   Dex:       It affects your dexterity (+4).
   rC:        It protects you from cold.
   rElec:     It insulates you from electricity.
 y - the +9 dagger "Ziuron" {flame, Int+6}
   (You took it off Joseph on level 9 of the Dungeon)

   It burns those it strikes, dealing additional fire damage.
   Int:       It affects your intelligence (+6).
Armour
 l - a +1 pair of boots (worn)
 w - a +3 scale mail of poison resistance (worn)
 E - the +0 pair of gloves of the Guardian (worn) {-Cast +Blink rN+ Dex+4}
   (You found it in a Gauntlet)

   Dex:       It affects your dexterity (+4).
   rN:        It protects you from negative energy.
   +Blink:    It lets you blink.
   -Cast:     It prevents spellcasting.
Jewellery
 c - a ring of resist corrosion (left hand)
 e - the amulet of Ynlo {Faith Will+}
   (You found it on level 1 of the Lair of Beasts)

   [amulet of faith]

   It allows you to gain divine favour quickly.
   Will:      It increases your willpower.
 f - a ring of protection from cold
 h - an amulet of guardian spirit (around neck)
 r - a ring of flight (right hand)
 v - a ring of ice
 C - a ring of magical power
 D - the ring of Paranoia {rN+ Int+6}
   (You found it in a Gauntlet)

   [ring of intelligence]

   Int:       It affects your intelligence (+6).
   rN:        It protects you from negative energy.
Wands
 g - a wand of flame (29)
 n - a wand of paralysis (9)
 p - a wand of acid (8)
 A - a wand of charming (5)
 B - a wand of polymorph (4)
Scrolls
 a - a scroll of holy word
 k - 4 scrolls of fog
 o - a scroll of enchant weapon
 t - 5 scrolls of identify
 u - 2 scrolls of teleportation
 x - 2 scrolls of magic mapping
Potions
 b - a potion of mutation
 d - 5 potions of flight
 i - 2 potions of might
 j - a potion of haste
 m - 2 potions of attraction
 z - 3 potions of curing


   Skills:
 + Level 13.9 Fighting
 * Level 15.1 Long Blades
 - Level 9.0 Axes
 - Level 3.0 Throwing
 - Level 2.4 Armour
 - Level 2.1 Dodging
 + Level 9.3 Evocations


You had 11 spell levels left.
You didn't know any spells.
Your spell library was empty.

Dungeon Overview and Level Annotations

Branches:
Dungeon (11/15)            Temple (0/1) D:6            Lair (2/6) D:10
Ossuary (visited)         Gauntlet (1/1)
  Swamp: Lair:2-4    Shoals: Lair:2-4     Snake: Lair:2-4    Spider: Lair:2-4
    Orc: D:9-12

Altars:
Ashenzari
Cheibriados
Dithmenos
Elyvilon
Fedhas
Gozag
Hepliaklqana
Kikubaaqudgha
Ru
Trog
Xom
Zin

Shops:
D:2 *((   D:4 [   D:6 :   D:9 ?[(

Annotations:
D:3 2 transporters, cyrus's ghost, weakling MfFi
D:10 1 runed translucent door, jfcaron's ghost, journeyman GnCA Gauntlet 6 transporters, 2 runed translucent doors


Innate Abilities, Weirdness & Mutations

You have a pair of horns on your head.
You reflexively headbutt those who attack you in melee.


Message History

Trog accepts your kill.
You can now call in reinforcements.
The shadow barely misses you.
You slash the shadow!
The shadow is severely damaged.
The shadow hits you!
You slash the shadow!
You destroy the shadow!
Trog accepts your kill.
The torpor snail briefly extends its eye-stalks.
You see here a +0 pair of gloves.
There is a transporter here.
You enter the transporter and appear at another place.
You start resting.
A minotaur comes into view.
It is wielding a staff of earth and wearing the amulet of Sif Muna's Grace {Faith rPois}.
A minotaur is nearby!
You feel much better.
The minotaur bellows!
The minotaur throws a javelin.
The javelin pierces through you!!
There is a fountain of clear blue water here.
The minotaur throws a javelin.
The javelin pierces through you!
The minotaur throws a javelin.
The javelin pierces through you!!
Okay, then.
The minotaur misses you.
The minotaur gores you but does no damage.
The minotaur hits you with a staff of earth!
The minotaur barely misses you.
You slice the minotaur!!
The minotaur is heavily wounded.
The minotaur hits you with a staff of earth!
* * * LOW HITPOINT WARNING * * *
The minotaur shatters you.
* * * LOW HITPOINT WARNING * * *
The minotaur gores you!
* * * LOW HITPOINT WARNING * * *
Your ogre goes berserk!
You can no longer call in reinforcements.
The minotaur hits you with a staff of earth!
* * * LOW HITPOINT WARNING * * *
The minotaur gores you!
You die...

##.#..#!=#.≈##....
©#..#©#[©#.###.⌠.#
.#..#..#.#..##...##
.###...#.#...#.⌠..
.#.wT##..#.∩.#...# ##.
.#########...#.©.##H...
.....#.....⌠.#......#
.#########...#.©H# ##.#
.##.#.#.##.∩.#..@##....#
.#.#.#.#.#...#O⌠....#
.##.#©#[##..##...##.#
©#.#.#.#©#.###.⌠.# ..
###.#.#(##.≈##..... #.#
.#.#.#.#.#.≈≈#.⌠.##. ..
.##.#.#.##.≈##...# # #
.#########.#######
...........≈#


You could see a minotaur (ally target) and a friendly ogre (summoned, berserk).

Vanquished Creatures
  A great orb of eyes (D:10)
  A hydra (Lair:1)
  4 two-headed ogres
  3 death yaks
  A sixfirhy (Gauntlet)
  An oklob plant (Gauntlet)
  A mana viper (shapeshifter) (D:10)
  Joseph (D:9)
  A black mamba (Lair:1)
  2 cane toads (Lair:1)
  A cane toad (shapeshifter) (D:10)
  Maggie (D:8)
  2 komodo dragons
  3 kobold demonologists (D:9)
  A freezing wraith (D:10)
  A komodo dragon (shapeshifter) (D:10)
  3 trolls
  2 hornets
  6 shadows (Gauntlet)
  Sigmund (D:3)
  2 wraiths
  A wyvern (D:8)
  18 yaks
  4 water moccasins
  An acid dragon (Gauntlet)
  2 black bears (D:6)
  An orc warrior (D:8)
  A sky beast (D:7)
  4 necrophages
  An ogre (D:5)
  5 wolves (Lair:1)
  4 centaurs
  3 kobold brigands
  3 phantoms
  6 bullfrogs
  A gnoll sergeant (D:8)
  2 scorpions (D:6)
  27 killer bees
  17 wights
  7 howler monkeys
  An electric eel (D:10)
  3 lava snakes (D:9)
  4 centaur zombies
  A bullfrog zombie (D:5)
  5 hounds
  A gnoll shaman (D:4)
  4 jellies (D:6)
  3 centaur skeletons
  2 orc priests
  A human zombie (Ossuary)
  Terence (D:2)
  Jessica (D:3)
  6 iguanas
  3 orc wizards
  Natasha (thrice) (D:3)
  A killer bee zombie (D:7)
  3 mummies (Ossuary)
  A howler monkey zombie (D:7)
  6 adders
  10 gnolls
  3 white imps
  5 ufetubi
  2 adder skeletons (D:4)
  2 worms
  4 dart slugs
  40 orcs
  9 ball pythons
  3 endoplasms
  3 giant cockroaches
  4 goblins
  8 hobgoblins
  3 quokkas
  5 bats
  5 frilled lizards
  A gnoll zombie (Ossuary)
  3 goblin zombies
  A hobgoblin zombie (Ossuary)
  23 kobolds
  3 kobold zombies (Ossuary)
  6 rats
  A rat zombie (D:4)
341 creatures vanquished.

Vanquished Creatures (others)
  A wizard (D:9)
  A butterfly (D:9)
  2 fungi
  2 plants
6 creatures vanquished.

Grand Total: 347 creatures vanquished

Notes
Turn   | Place    | Note
-------+----------+-------------------------------------------
     0 | D:1      | meatgazer the Minotaur Berserker began the quest for the
                  | Orb.
     0 | D:1      | Reached XP level 1. HP: 19/19 MP: 0/0
   199 | D:1      | You fall into a shaft and drop 1 floor!
   201 | D:2      | Noticed Terence
   226 | D:2      | Reached XP level 2. HP: 18/27 MP: 1/1
   278 | D:2      | Noticed a phantom
   279 | D:2      | Found Gikh's General Store.
  1714 | D:2      | Killed a phantom
  1715 | D:2      | Reached skill level 5 in Fighting
  1715 | D:2      | Reached skill level 5 in Axes
  1715 | D:2      | Reached skill level 1 in Throwing
  1715 | D:2      | Reached XP level 3. HP: 14/36 MP: 2/2
  1715 | D:2      | Reached XP level 4. HP: 16/42 MP: 3/3
  1769 | D:2      | Killed Terence
  2048 | D:2      | Found a faded altar of an unknown god.
  2129 | D:2      | Found Oxzuviur's Antique Weapon Shoppe.
  2546 | D:2      | Found Mashrudiy's Antique Weapon Shoppe.
  2658 | D:3      | Reached XP level 5. HP: 47/48 MP: 4/4
  2689 | D:3      | Noticed a sky beast
  2690 | D:3      | Found a transporter.
  2692 | D:3      | Noticed cyrus's ghost (weakling MfFi)
  2693 | D:3      | Found a transporter.
  2700 | D:3      | Noticed Natasha
  2708 | D:3      | Killed Natasha
  2843 | D:3      | Noticed Jessica
  2850 | D:3      | Killed Jessica
  2948 | D:3      | Noticed Natasha
  2949 | D:3      | Noticed Sigmund
  2956 | D:3      | Reached skill level 1 in Evocations
  2961 | D:3      | Killed Natasha
  2961 | D:3      | Reached ** piety under Trog
  2963 | D:3      | Reached XP level 6. HP: 47/57 MP: 5/5
  2967 | D:3      | Killed Sigmund
  3045 | D:3      | Noticed Natasha
  3062 | D:3      | Killed Natasha
  3369 | D:3      | Found a glowing silver altar of Zin.
  3715 | D:4      | Found Vaett's Armour Shoppe.
  3719 | D:4      | Found a sand-covered staircase.
  3726 | Ossuary  | Entered an ossuary
  3726 | Ossuary  | Noticed a wraith
  3726 | Ossuary  | Noticed a wraith
  3726 | Ossuary  | Noticed a wraith
  3752 | Ossuary  | Reached XP level 7. HP: 64/64 MP: 6/6
  4507 | Ossuary  | Noticed a wraith
  4513 | Ossuary  | Killed a wraith
  5053 | D:4      | Reached *** piety under Trog
  5476 | D:5      | Entered Level 5 of the Dungeon
  5513 | D:5      | Reached XP level 8. HP: 73/73 MP: 7/7
  5539 | D:5      | Found a snail-covered altar of Cheibriados.
  5540 | D:5      | Found a shimmering altar of Xom.
  5540 | D:5      | Found a hazy altar of Hepliaklqana.
  5559 | D:5      | Found an opulent altar of Gozag.
  5634 | D:5      | Found an ancient bone altar of Kikubaaqudgha.
  7134 | D:6      | Identified the +9 great sword of the Exiled Ultimatums
                  | {vorpal, rElec rC+ Dex+4}
  7159 | D:6      | Found a staircase to the Ecumenical Temple.
  7179 | D:6      | Reached skill level 1 in Long Blades
  7243 | D:6      | Reached skill level 2 in Long Blades
  7651 | D:6      | Found a blossoming altar of Fedhas.
  7961 | D:6      | Found Weorieh's Book Emporium.
  7997 | D:6      | Reached skill level 3 in Long Blades
  7997 | D:6      | Reached XP level 9. HP: 83/83 MP: 8/8
  8260 | D:6      | Reached skill level 4 in Long Blades
  8761 | D:6      | Reached skill level 5 in Long Blades
  9482 | D:4      | Bought a +3 scale mail of poison resistance for 299 gold
                  | pieces
  9638 | D:7      | Reached skill level 5 in Evocations
  9741 | D:7      | Reached skill level 6 in Long Blades
  9743 | D:7      | Reached skill level 10 in Fighting
  9868 | D:7      | Found a broken altar of Ashenzari.
 10082 | D:7      | Reached **** piety under Trog
 10083 | D:7      | Reached skill level 7 in Long Blades
 11002 | D:8      | Reached XP level 10. HP: 94/94 MP: 9/9
 11006 | D:8      | Noticed Maggie
 11014 | D:8      | Killed Maggie
 11172 | D:8      | Reached skill level 8 in Long Blades
 11822 | D:8      | Noticed a two-headed ogre
 11830 | D:8      | Killed a two-headed ogre
 11831 | D:8      | Reached skill level 9 in Long Blades
 12436 | D:9      | Noticed a two-headed ogre
 12445 | D:9      | Killed a two-headed ogre
 12730 | D:9      | Reached skill level 10 in Long Blades
 12734 | D:9      | Identified the +9 dagger "Ziuron" {flame, Int+6}
 12734 | D:9      | Noticed Joseph
 12742 | D:9      | Killed Joseph
 13263 | D:9      | Found Apom's Magic Scroll Shoppe.
 13594 | D:9      | Found Xenov's Antique Armour Boutique.
 13611 | D:9      | Found Canoaj's Weapon Boutique.
 13856 | D:9      | Found a white marble altar of Elyvilon.
 14014 | D:9      | Found a bloodstained altar of Trog.
 14017 | D:9      | Noticed a wizard
 14023 | D:9      | Killed a wizard
 14108 | D:9      | Reached XP level 11. HP: 82/100 MP: 8/10
 14386 | D:9      | Reached skill level 11 in Long Blades
 14660 | D:10     | Entered Level 10 of the Dungeon
 14660 | D:10     | Noticed a death yak
 14660 | D:10     | Found a staircase to the Lair.
 14661 | D:10     | Noticed a death yak
 14866 | D:10     | Noticed a death yak
 14866 | D:10     | Noticed a two-headed ogre
 14876 | D:9      | Killed a death yak
 14956 | D:10     | Killed a death yak
 14959 | D:10     | Killed a two-headed ogre
 14960 | D:10     | Reached skill level 12 in Long Blades
 14963 | D:10     | Killed a death yak
 15325 | D:10     | Found a sacrificial altar of Ru.
 15872 | D:10     | Noticed a two-headed ogre
 15878 | D:10     | Killed a two-headed ogre
 15879 | D:10     | Reached skill level 13 in Long Blades
 16338 | D:10     | Found a runed translucent door.
 16341 | D:10     | Noticed a centaur warrior
 16419 | D:10     | Found a runed translucent door.
 16435 | D:10     | Noticed a mana viper
 16437 | D:10     | Killed a mana viper
 16494 | D:10     | Reached XP level 12. HP: 115/115 MP: 9/11
 16496 | D:10     | Noticed a great orb of eyes
 16501 | D:10     | Killed a great orb of eyes
 16624 | D:10     | Found a shadowy altar of Dithmenos.
 17110 | D:10     | Noticed jfcaron's ghost (journeyman GnCA)
 17218 | Lair:1   | Entered Level 1 of the Lair of Beasts
 17287 | Lair:1   | Noticed a five-headed hydra
 17291 | Lair:1   | Killed an eight-headed hydra
 17292 | Lair:1   | Reached skill level 14 in Long Blades
 17460 | Lair:1   | Identified the amulet of Ynlo {Faith Will+}
 19277 | Lair:2   | Found a gate leading to a gauntlet.
 19285 | Gauntlet | Entered a Gauntlet
 19285 | Gauntlet | Found a transporter.
 19285 | Gauntlet | Found a transporter.
 19289 | Gauntlet | Noticed a death scarab
 19290 | Gauntlet | Found a transporter.
 19292 | Gauntlet | Found a transporter.
 19293 | Gauntlet | Found a transporter.
 19293 | Gauntlet | Found a transporter.
 19324 | Gauntlet | Found a runed translucent door.
 19324 | Gauntlet | Found a runed translucent door.
 19328 | Gauntlet | Found a transporter.
 19332 | Gauntlet | Found a transporter.
 19342 | Gauntlet | Found a transporter.
 19358 | Gauntlet | Found a transporter.
 19374 | Gauntlet | Found a transporter.
 19377 | Gauntlet | Found a transporter.
 19565 | Gauntlet | Found a runed translucent door.
 19570 | Gauntlet | Noticed a two-headed ogre
 19585 | Gauntlet | Reached skill level 15 in Long Blades
 19649 | Gauntlet | Identified the +0 pair of gloves of the Guardian {-Cast
                  | +Blink rN+ Dex+4}
 19878 | Gauntlet | Identified the ring of Paranoia {rN+ Int+6}
 19889 | Gauntlet | Identified the amulet of Sif Muna's Grace {Faith rPois}
 19889 | Gauntlet | Noticed a minotaur
 19898 | Gauntlet | HP: 3/116 [minotaur (15)]
 19898 | Gauntlet | Mangled by a minotaur

Illustrated notes

Levels and vault maps discovered:
D:1:      lightli_arrival_maybe_door_vault, layout_loops_ring
D:2:      layout_basic, shapermc_ecumenical_altar_rom_forum, serial_shops, shop,
          nicolae_shop_hallway_plus, nicolae_shop_stone, uniq_terence
D:3:      layout_rooms, amcnicky_altar_gilded, gammafunk_ghost_arena,
          uniq_sigmund, uniq_jessica, uniq_natasha
D:4:      layout_rooms, serial_shops, shop, enter_ossuary_4
D:5:      layout_basic, nicolae_overflow_quartered_altars,
          kiku_gazebo_pond_becter
D:6:      minmay_diamond_boxcup, layout_cave_pods, fedhas_ov_isle_minmay,
          temple_fountains, serial_shops, nicolae_shop_behind_doors
D:7:      layout_basic, ashenzari_conservatory_becter,
          kennysheep_decorative_pillar
D:8:      layout_cave_pods, uniq_maggie
D:9:      layout_stronghold, trog_wizard, nicolae_elyvilon_peaceful_grove,
          serial_shops, shop, nicolae_shop_advertising_works
          [nicolae_subvault_shop_adworks], nicolae_inconvenience_store,
          uniq_joseph
D:10:     layout_rooms, nicolae_ru_great_annihilating_truth,
          nicolae_dithmenos_shadow_blocks, dpeg_lair_monsters,
          ebering_ghost_inner_flame, serial_corexii_hall,
          chequers_hall_statues_wall_a, corexii_hall_statues_x,
          nicolae_water_bricks, minivault_13
D:11:     layout_grid_maze, serial_ice, serial_ice_f, serial_ice_a,
          serial_ice_b, serial_ice_d, serial_shops, nicolae_shop_stone,
          uniq_erolcha
Lair:1:   layout_layer_cave, minivault_25, minmay_holes,
          infiniplex_staircase_pool
Lair:2:   layout_roguey, gauntlet_entry_generic, minmay_lair_oklob_items
Gauntlet: minmay_gauntlet_77_indecision [minmay_gauntlet_arena_77_mess,
          minmay_gauntlet_arena_77_chump_sandwich,
          minmay_gauntlet_arena_77_path, minmay_gauntlet_arena_77_shame_cube,
          minmay_gauntlet_arena_77_checkered, minmay_gauntlet_arena_77_squiggly,
          gauntlet_exit_green]

Skill      XL: |  1  2  3  4  5  6  7  8  9 10 11 12 |
---------------+-------------------------------------+-----
Axes           | 4 5 6 7 9 |  9.0
Fighting       | 5 6 7 9 10 11 13 | 13.9
Throwing       | 1 2 3 |  3.0
Evocations     | 1 2 4 5 7 8 9 |  9.3
Long Blades    | 3 7 10 13 15 | 15.1
Armour         | |  2.4
Dodging        | |  2.1

Action                   |  1- 3 |  4- 6 |  7- 9 | 10-12 || total
-------------------------+-------+-------+-------+-------++-------
Melee: Hand axe          |    61 |    99 |   190 |       ||   350
       Headbutt          |     2 |    16 |    72 |    43 ||   133
       Punch             |     1 |       |     5 |       ||     6
       Great sword       |       |       |   135 |   275 ||   410
Throw: Dart              |     3 |     2 |       |       ||     5
Invok: Berserk           |       |     3 |     8 |    19 ||    30
       Brothers in Arms  |       |       |       |     1 ||     1
Evoke: Wand              |       |       |       |     4 ||     4
  Use: Scroll            |     2 |     2 |    12 |     6 ||    22
       Potion            |       |     1 |     3 |     2 ||     6
 Stab: Paralysed         |       |       |       |     1 ||     1
Armor: Animal skin       |     9 |       |       |       ||     9
       Chain mail        |       |    41 |   117 |       ||   158
       Scale mail        |       |       |    31 |   115 ||   146
Dodge: Dodged            |    30 |    56 |   178 |   201 ||   465

Table legend: (Time is in decaauts)
 A = Elapsed time spent in this place.
 B = Non-inter-level travel time spent in this place.
 C = Inter-level travel time spent in this place.
 D = Time resting spent in this place.
 E = Time spent auto-exploring this place.
 F = Levels seen in this place.
 G = Mean time per level.
                   A        B        C        D        E       F      G
               +--------+--------+--------+--------+--------+-----+--------+
         Total |  20279 |  19657 |    622 |   8719 |   8618 |  15 | 1351.9 |
       Dungeon |  16435 |  15841 |    594 |   6962 |   7056 |  11 | 1494.1 |
          Lair |   2072 |   2044 |     28 |    615 |   1301 |   2 | 1036.0 |
       Ossuary |   1130 |   1130 |      0 |    732 |    261 |   1 | 1130.0 |
      Gauntlet |    641 |    641 |      0 |    407 |      0 |   1 |  641.0 |
               +--------+--------+--------+--------+--------+-----+--------+

Top non-repeatable levels by time:
     D:8: 2590 daAuts
     D:9: 2545 daAuts
     D:6: 2234 daAuts
  Lair:1: 1911 daAuts
    D:10: 1738 daAuts
     D:5: 1677 daAuts
     D:1: 1552 daAuts
     D:2: 1341 daAuts
     D:7: 1182 daAuts
 Ossuary: 1130 daAuts
     D:3: 852 daAuts
     D:4: 718 daAuts
Gauntlet: 641 daAuts
  Lair:2: 161 daAuts
    D:11: 1 daAuts
